 Dungeon Crawl Stone Soup version 0.21-a0-531-gacddea6 (webtiles) character file.

1029 slep the Chopper (level 8, -4/60 HPs)
             Began as a Demonspawn Gladiator on Dec 13, 2017.
             Killed by nerve-wracking pain
             ... invoked by an orc priest
              (12 damage)
             ... on level 5 of the Dungeon.
             The game lasted 00:13:39 (4116 turns).

slep the Chopper (Demonspawn Gladiator)             Turns: 4116, Time: 00:13:39

Health: -4/60      AC:  7    Str: 16    XL:     8   Next: 3%
Magic:  8/8        EV: 13    Int: 10    God:
Gold:   279        SH:  6    Dex: 17    Spells: 5/7 levels left

rFire    + + .     SeeInvis .   a - +0 war axe
rCold    x . .     Gourm    .   u - +2 buckler
rNeg     . . .     Faith    .   l - +0 ring mail
rPois    .         Spirit   .   c - +0 helmet
rElec    .         Reflect  .   (no cloak)
rCorr    .         Harm     .   (no gloves)
MR       .....                  p - +0 pair of boots (curse)
Stlth    +.........             g - amulet of rage
HPRegen  0.20/turn              i - ring of fire
MPRegen  0.11/turn              t - +2 ring of dexterity

@: no status effects
A: talons 1, fire resistance 1, sturdy frame 1
a: Evoke Berserk Rage


You were on level 5 of the Dungeon.
You were not hungry.

You visited 1 branch of the dungeon, and saw 5 of its levels.

You collected 279 gold pieces.

Inventory:

Hand Weapons
 a - a +0 war axe (weapon)
Missiles
 d - 3 throwing nets (quivered)
Armour
 b - a +0 leather armour
 c - a +0 helmet (worn)
 l - a +0 ring mail (worn)
 p - a cursed +0 pair of boots (worn)
 u - a +2 buckler (worn)
Jewellery
 g - an amulet of rage (around neck)
 i - a ring of fire (left hand)
 t - a +2 ring of dexterity (right hand)
Wands
 B - a wand of iceblast (7)
Scrolls
 e - 3 scrolls of teleportation {unknown}
 h - a scroll of amnesia {unknown}
 k - 3 scrolls of identify {unknown}
 n - 2 scrolls of enchant weapon {unknown}
 q - a scroll of enchant armour {unknown}
 r - 3 scrolls of fog {unknown}
 s - 2 scrolls of fear {unknown}
 x - a scroll of remove curse {unknown}
 y - a scroll of magic mapping {unknown}
 D - a scroll of immolation {unknown}
Potions
 m - 3 potions of heal wounds {unknown}
 o - a potion of haste {unknown}
 w - a potion of magic {unknown}
 z - a potion of flight {unknown}
 A - a potion of invisibility {unknown}
 E - a potion of curing
Books
 j - a book of Minor Magic

   Spells                             Type                      Level
   a - Magic Dart                     Conjuration                  1
   b - Blink                          Translocation                2
   c - Call Imp                       Summoning                    2
   d - Slow                           Hexes                        2
   e - Conjure Flame                  Conjuration/Fire             3
   f - Mephitic Cloud                 Conjuration/Poison/Air       3
Comestibles
 f - 4 bread rations
 v - a royal jelly
 F - a meat ration


   Skills:
 + Level 3.7 Fighting
 + Level 6.4 Axes
 + Level 1.9 Throwing
 + Level 2.8 Armour
 + Level 4.3 Dodging
 + Level 1.1 Stealth
 + Level 1.9 Shields


You had 5 spell levels left.
You knew the following spells:

 Your Spells              Type           Power        Failure   Level  Hunger
a - Blink                 Tloc           N/A          71%         2    ###....


Dungeon Overview and Level Annotations

Branches:
Dungeon (5/15)
 Temple: D:4-7

Altars:
Makhleb
Trog
Vehumet
Xom
The Shining One


Innate Abilities, Weirdness & Mutations

You have sharp toenails.
Your flesh is heat resistant. (rF+)
Your movements are slightly less encumbered by armour. (ER -2)


Message History

* * * LOW HITPOINT WARNING * * *
You hit the orc.
The orc is moderately wounded.
The orc misses you.
Your shield prevents you from hitting the orc.
The orc is moderately wounded.
The orc misses you.
You slash the orc!
You kill the orc!
You barely miss the orc priest.
The orc priest hits you but does no damage.
You slash the orc priest!
The orc priest is heavily wounded.
The orc priest hits you but does no damage.
You slash the orc priest!
The orc priest is almost dead.
The orc priest barely misses you.
The orc priest invokes the aid of Beogh against you.
Pain shoots through your body!
You die...

..†.......#
..[.......# .# ##
..........# . .
..........# # .#.
....>.....# #>...
.##.####### .#.##
.##.#### ...
.##.##.## #o#
....#.#.########@#
.....###..#......#
###.#.#.#.....####
#.##.##.....#
#.##........#
#.#####.....# #.#
#.....# #..
...##### ### ####


You could see an orc priest.

Vanquished Creatures
  Menkaure (D:4)
  A scorpion (D:4)
  A howler monkey (D:5)
  3 crimson imps
  A bullfrog skeleton (D:4)
  3 hounds (D:4)
  4 orc priests
  A gnoll shaman (D:4)
  2 orc wizards
  A centaur skeleton (D:4)
  An iguana (D:4)
  2 worker ants
  A worker ant zombie (D:5)
  5 gnolls (D:4)
  10 adders
  A shadow imp (D:5)
  An ooze (D:4)
  A worm (D:2)
  6 dart slugs
  6 leopard geckos
  13 orcs
  6 giant cockroaches
  12 goblins
  6 hobgoblins
  6 jackals
  4 quokkas
  5 ball pythons
  8 bats
  5 frilled lizards
  A jackal skeleton (D:4)
  10 kobolds
  A leopard gecko skeleton (D:5)
  9 rats
138 creatures vanquished.

Notes
Turn   | Place    | Note
-------+----------+-------------------------------------------
     0 | D:1      | slep the Demonspawn Gladiator began the quest for the Orb.
     0 | D:1      | Reached XP level 1. HP: 16/16 MP: 1/1
    88 | D:1      | Gained mutation: You have sharp toenails. [demonic ancestry]
    88 | D:1      | Reached XP level 2. HP: 13/22 MP: 2/2
   279 | D:1      | Reached skill level 3 in Axes
   581 | D:1      | Gained mutation: Your flesh is heat resistant. (rF+) [demonic ancestry]
   581 | D:1      | Reached XP level 3. HP: 27/27 MP: 3/3
  1142 | D:2      | Reached XP level 4. HP: 11/33 MP: 4/4
  1188 | D:2      | Reached skill level 1 in Armour
  1288 | D:2      | HP: 1/33 [adder (1)]
  1297 | D:2      | Found a glowing golden altar of the Shining One.
  1573 | D:2      | Reached skill level 4 in Axes
  1994 | D:3      | Reached XP level 5. HP: 28/39 MP: 5/5
  2177 | D:3      | Learned a level 2 spell: Blink
  2545 | D:3      | Reached skill level 1 in Stealth
  2639 | D:3      | Found a shimmering altar of Xom.
  2906 | D:4      | Reached XP level 6. HP: 46/46 MP: 6/6
  2913 | D:4      | Reached skill level 1 in Shields
  2967 | D:4      | Reached skill level 5 in Axes
  2991 | D:4      | You fall through a shaft!
  2991 | D:5      | Entered Level 5 of the Dungeon
  3062 | D:5      | Reached XP level 7. HP: 4/52 MP: 7/7
  3623 | D:4      | Found a radiant altar of Vehumet.
  3639 | D:4      | Noticed Menkaure
  3653 | D:4      | Killed Menkaure
  3773 | D:4      | Found a bloodstained altar of Trog.
  3788 | D:4      | Reached skill level 6 in Axes
  3933 | D:4      | Found a burning altar of Makhleb.
  4066 | D:5      | Gained mutation: Your movements are slightly less encumbered by armour. (ER -2) [demonic ancestry]
  4066 | D:5      | Reached XP level 8. HP: 40/60 MP: 8/8
  4116 | D:5      | Killed from afar by an orc priest

Vault maps used:
D:1:      enne_arrival_octagon_isle
D:2:      lemuel_crystal_altar
D:3:      serial_glass, glass_columns_c, glass_columns_a, glass_columns_a,
          first_bread, tgw_xom
D:4:      old_standard_altar, old_standard_altar, makhleb_heckhound_becter,
          uniq_menkaure
D:5:      gammafunk_temple_overflow_statue

Skill      XL: |  1  2  3  4  5  6  7 |
---------------+----------------------+-----
Dodging        | 3 4 |  4.3
Axes           | 3 4 5 6 |  6.4
Armour         | 1 2 |  2.8
Stealth        | 1 |  1.1
Shields        | 1 |  1.9
Fighting       | 3 |  3.7
Throwing       | |  1.9

Action                   |  1- 3 |  4- 6 |  7- 9 || total
-------------------------+-------+-------+-------++-------
Melee: War axe           |   122 |   223 |   162 ||   507
       Kick              |    15 |       |       ||    15
       Unarmed           |       |     4 |       ||     4
  Use: Potion            |       |     1 |       ||     1
 Stab: Sleeping          |       |     2 |     1 ||     3
  Eat: Chunk             |       |     7 |     4 ||    11
Armor: Leather armour    |    21 |       |       ||    21
       Ring mail         |    43 |    87 |    51 ||   181
Dodge: Dodged            |    88 |   135 |   105 ||   328
Block: Buckler           |       |    65 |    49 ||   114

Table legend:
 A = Spawn XP
 B = Non-spawn XP
 C = Spawn XP percentage of total XP
 D = Spawn monster count
 E = Non-spawn monster count
 F = Spawn count percentage of total count
 G = Total turns spent on level
                    A         B        C        D         E        F      G
               +---------+---------+-------+---------+---------+-------+---------
         Total |       0 |    1470 |   0.0 |       0 |     138 |   0.0 |  4116
               +---------+---------+-------+---------+---------+-------+---------
           D:1 |       0 |      51 |   0.0 |       0 |      29 |   0.0 |   831
           D:2 |       0 |     120 |   0.0 |       0 |      27 |   0.0 |  1036
           D:3 |       0 |     181 |   0.0 |       0 |      38 |   0.0 |  1037
           D:4 |       0 |     829 |   0.0 |       0 |      28 |   0.0 |   709
           D:5 |       0 |     289 |   0.0 |       0 |      16 |   0.0 |   503
               +---------+---------+-------+---------+---------+-------+---------
